 Dungeon Crawl Stone Soup version 0.30.0-29-ga12c61a403 (webtiles) character file.

Game seed: 10782636686055528916

63 NotreDorf the Stinger (level 4, -1/32 HPs)
             Began as a Merfolk Venom Mage on June 17, 2023.
             Slain by Terence
             ... wielding a +0 flail
              (13 damage)
             ... on level 2 of the Dungeon.
             The game lasted 00:05:57 (2038 turns).

NotreDorf the Stinger (Merfolk Venom Mage)          Turns: 2038, Time: 00:05:58

Health: -1/32      AC:  2    Str: 14    XL:     4   Next: 10%
Magic:  2/7        EV: 13    Int: 16    God:
Gold:   57         SH:  0    Dex: 14    Spells: 2/8 levels left

rFire   . . .        p - staff of air
rCold   . . .        (no shield)
rNeg    . . .        a - +0 robe
rPois   .            (no helmet)
rElec   +            (no cloak)
rCorr   .            (no gloves)
SInv    .            (no boots)
Will    .....        (no amulet)
Stlth   ++           k - +6 ring of strength
HPRegen 0.25/turn    (no ring)
MPRegen 0.10/turn

%: no passive effects
@: no status effects
A: (nimble swimmer 2), mertail
a: no special abilities


You were on level 2 of the Dungeon.
You visited 1 branch of the dungeon, and saw 2 of its levels.

You collected 57 gold pieces.

Inventory:

Armour
 a - a +0 robe (worn)
Magical Staves
 p - a staff of air (weapon)
Jewellery
 k - a +6 ring of strength (left hand)
Scrolls
 e - 2 scrolls of identify {unknown}
 f - a scroll of fear {unknown}
 g - 3 scrolls of teleportation {unknown}
 i - a scroll of fog {unknown}
 l - a scroll of poison {unknown}
 m - a scroll of torment {unknown}
 o - a scroll of immolation {unknown}
Potions
 b - a potion of magic
 h - a potion of mutation {unknown}
 j - 2 potions of berserk rage {unknown}


   Skills:
 + Level 1.6 Fighting
 + Level 3.5 Dodging
 - Level 2.1 Stealth
 + Level 2.5 Spellcasting
 - Level 1.3 Transmutations
 + Level 0.6 Air Magic
 + Level 3.8 Poison Magic


You had 2 spell levels left.
You knew the following spells:

 Your Spells              Type           Power      Damage    Failure   Level
a - Sting                 Tmut/Pois      40%        1d5       7%          1
b - Poisonous Vapours     Pois/Air       26%        N/A       12%         2
c - Mephitic Cloud        Conj/Pois/Air  10%        N/A       32%         3

Your spell library contained the following spells:

 Spells                   Type           Power      Damage    Failure   Level
 Olgreb's Toxic Radiance  Pois           14%        N/A       38%         4
 Portal Projectile        Hex/Tloc       4%         N/A       52%         3
 Tukima's Dance           Hex            2%         N/A       52%         3
 Blade Hands              Tmut           3%         N/A       97%         5


Dungeon Overview and Level Annotations

Branches:
Dungeon (2/15)

Altars:

Annotations:
D:2 Terence


Innate Abilities, Weirdness & Mutations

((You are very nimble when in or above water. (Stealth+, EV+, Speed+++)))
Your lower body shifts to a powerful aquatic tail in water.


Message History

Aiming: Poisonous Vapours (safe; 12% risk of failure)
Press: ? - help, Dir - move target, f - Terence
Aim: Terence, wielding a +0 flail and wearing a +0 scale mail You feel a surge of power!
You miscast Poisonous Vapours.
You are very lightly contaminated with residual magic.
Nothing appears to happen.
Things that are here:
a +2 heavy quarterstaff; a +0 club; 9 stones
Casting: Poisonous Vapours (safe; 12% risk of failure)
Confirm with . or Enter, or press ? or * to list all spells.
Aiming: Poisonous Vapours (safe; 12% risk of failure)
Press: ? - help, Dir - move target, f/p - Terence
Aim: Terence, wielding a +0 flail and wearing a +0 scale mail You feel a surge of power!
Poisonous vapours surround Terence!
Terence is poisoned.
Casting: Poisonous Vapours (safe; 12% risk of failure)
Confirm with . or Enter, or press ? or * to list all spells.
Aiming: Poisonous Vapours (safe; 12% risk of failure)
Press: ? - help, Dir - move target, f/p - Terence
Aim: Terence, wielding a +0 flail and wearing a +0 scale mail (lightly wounded, poisoned)
You feel a surge of power!
Poisonous vapours surround Terence!
Terence looks even sicker.
You hit Terence.
Terence is moderately wounded.
Terence closely misses you.
You closely miss Terence.
Terence is moderately wounded.
Terence shouts, "DIE!!!"
Terence hits you with a +0 flail.
Your magical contamination has completely faded away.
You hit Terence but do no damage.
Terence is moderately wounded.
Terence hits you with a +0 flail!
You hit Terence but do no damage.
Terence is heavily wounded.
Terence hits you with a +0 flail!
You barely miss Terence.
Terence is heavily wounded.
Terence hits you with a +0 flail!
You die...

#.... #.# ########## #.
#.... #.# #....[...###.
#.....#.# #..........#.
#.....#.####............
..........#####.........
#. #.#...............
#.. #.#......###......
#.. #@#......##..#....
#...#@#......##.#####.
###...#.#.......>.#####.
..................#.....
#######.####.###..######
######.####.####.####
#..............##....##
#......#####.#.##.##..#
#......#####.#.##.###.##
#..............##.# #...


You could see Terence (poisoned).

Vanquished Creatures
  3 adders (D:2)
  A dart slug (D:1)
  2 bats (D:1)
  3 endoplasms (D:1)
  2 giant cockroaches (D:2)
  4 goblins
  2 hobgoblins
  2 jackals (D:2)
  4 quokkas (D:1)
  A ball python (D:1)
  A frilled lizard (D:1)
  5 kobolds
  2 rats
32 creatures vanquished.

Notes
Turn   | Place    | Note
-------+----------+-------------------------------------------
     0 | D:1      | NotreDorf the Merfolk Venom Mage began the quest for the
                  | Orb.
     0 | D:1      | Reached XP level 1. HP: 13/13 MP: 3/3
   269 | D:1      | Reached XP level 2. HP: 18/20 MP: 0/5
   635 | D:1      | Reached skill level 1 in Fighting
  1054 | D:1      | Reached XP level 3. HP: 13/26 MP: 1/6
  1057 | D:1      | Learned a level 2 spell: Poisonous Vapours
  1061 | D:1      | Learned a level 3 spell: Mephitic Cloud
  1649 | D:2      | Reached XP level 4. HP: 32/32 MP: 5/7
  2027 | D:2      | Noticed Terence
  2038 | D:2      | Slain by Terence

Illustrated notes

Levels and vault maps discovered:
D:1:      evilmike_arrival_hilbert_curve, layout_basic
D:2:      layout_basic, minmay_misc_feat_ornament, uniq_terence

Skill      XL: |  1  2 |
---------------+-------+-----
Dodging        | 3 |  3.5
Fighting       | 1 |  1.6
Stealth        | |  2.1
Spellcasting   | |  2.5
Transmutations | |  1.3
Air Magic      | |  0.6
Poison Magic   | |  3.8

Action                     |  1- 3 |  4- 6 || total
---------------------------+-------+-------++-------
  Melee: Unarmed           |    18 |       ||    18
         Club              |    19 |       ||    19
         Punch             |     1 |       ||     1
         Staff             |       |     5 ||     5
         Quarterstaff      |       |     2 ||     2
   Cast: Sting             |    54 |     5 ||    59
         Poisonous Vapours |       |     2 ||     2
 Armour: Robe              |    13 |       ||    13
  Dodge: Dodged            |    46 |     1 ||    47
